 Dungeon Crawl Stone Soup version 0.22-a0-32-ga749362 (webtiles) character file.

2081 mopl the Martial Artist (level 9, -1/68 HPs)
             Began as a Barachi Transmuter on Jan 3, 2018.
             Was a Priest of Cheibriados.
             Slain by an orc
             ... wielding a +0 short sword
              (4 damage)
             ... on level 7 of the Dungeon.
             The game lasted 00:14:57 (6465 turns).

mopl the Martial Artist (Barachi Transmuter)        Turns: 6465, Time: 00:14:58

Health: -1/68      AC:  2    Str: 18    XL:     9   Next: 27%
Magic:  12/13      EV: 20    Int: 24    God:    Cheibriados [***...]
Gold:   170        SH:  0    Dex: 25    Spells: 4/14 levels left

rFire    . . .     SeeInvis .     - Unarmed
rCold    . . .     Gourm    .   (shield currently unavailable)
rNeg     + . .     Faith    .   (armour currently unavailable)
rPois    x         Spirit   .   (helmet currently unavailable)
rElec    .         Reflect  .   (cloak currently unavailable)
rCorr    .         Harm     .   (gloves currently unavailable)
MR       .....                  (boots currently unavailable)
Stlth    ++........             (no amulet)
HPRegen  0.21/turn              l - ring of positive energy
MPRegen  0.13/turn              (no ring)

@: spider-form, drained, very slow
A: tiny, +LOS, swims
a: End Transformation, Bend Time, Temporal Distortion, Renounce Religion


You were on level 7 of the Dungeon.
You worshipped Cheibriados.
Cheibriados was most pleased with you.
You were not hungry.
You were a venomous arachnid creature.
You visited 1 branch of the dungeon, and saw 7 of its levels.

You collected 276 gold pieces.
You spent 106 gold pieces at shops.

Inventory:

Hand Weapons
 y - a +0 falchion of flaming
Missiles
 a - 45 arrows
 u - 14 poisoned needles
 x - 4 javelins (quivered)
Armour
 b - a +0 robe (melded)
 m - a +1 pair of gloves (melded)
 o - a +0 cloak (melded)
 r - a +3 leather armour of cold resistance
 z - a +0 pair of boots (melded)
Magical Staves
 w - an uncursed staff of summoning {!a}
Jewellery
 l - a ring of positive energy (left front leg)
Wands
 v - a wand of flame (24)
Scrolls
 e - 4 scrolls of teleportation
 f - a scroll of identify
 h - a scroll of random uselessness {unknown}
 i - 2 scrolls of magic mapping {unknown}
 j - 2 scrolls of fog {unknown}
 n - 2 scrolls of enchant weapon {unknown}
 p - 4 scrolls of remove curse
 q - 3 scrolls of amnesia {unknown}
 s - a scroll of acquirement {unknown}
Potions
 g - a potion of curing
 k - a potion of lignification {!q}
Books
 c - a book of Changes

   Spells                             Type                      Level
   a - Beastly Appendage              Transmutation                1
   b - Sticks to Snakes               Transmutation                2
   c - Spider Form                    Transmutation/Poison         3
   d - Ice Form                       Ice/Transmutation            4
   e - Blade Hands                    Transmutation                5
Comestibles
 d - 16 rations


   Skills:
 - Level 5.5(4.9) Fighting
 - Level 2.1(1.6) Dodging
 * Level 8.1(7.5) Unarmed Combat
 - Level 3.0(2.4) Spellcasting
 + Level 6.4(5.8) Transmutations
 - Level 3.0(2.4) Ice Magic
 - Level 2.0(1.4) Poison Magic
 + Level 4.4(3.8) Invocations


You had 4 spell levels left.
You knew the following spells:

 Your Spells              Type           Power        Failure   Level  Hunger
a - Beastly Appendage     Tmut           ####..       5%          1    None
b - Spider Form           Tmut/Pois      ###.......   21%         3    ###....
d - Ice Form              Ice/Tmut       ###.....     41%         4    ####...
w - Sticks to Snakes      Tmut           ####....     7%          2    ##.....


Dungeon Overview and Level Annotations

Branches:
Dungeon (7/15)
 Temple: D:4-7

Altars:
Cheibriados
Fedhas
Gozag
Sif Muna
Uskayaw
Yredelemnul

Shops:
D:5 [=(*[   D:6 *:


Innate Abilities, Weirdness & Mutations

Shadows flee at your approach. (+LOS)
You can swim through water.
((You cover ground slowly.))
((You can hop short distances.))


Message History

* * * LOW HITPOINT WARNING * * *
Unknown command.
You closely miss the orc wizard.
The orc wizard is severely wounded.
The orc wizard hits you with a dagger.
* * * LOW HITPOINT WARNING * * *
You hear some strange, mumbled words.
A puff of flame appears from out of thin air!
The puff of flame hits you!
* * * LOW HITPOINT WARNING * * *
The orc completely misses you.
You bite the orc wizard!
You kill the orc wizard!
Cheibriados appreciates the change of pace.
The orc closely misses you. Something hits you.
* * * LOW HITPOINT WARNING * * *
The orc closely misses you.
Unknown command.
You bite something! The orc hits you with a short sword.
You die...

###.........####
###............#.#
#....>..........##
#...............#
#...............#
#...............# !#
##..............# .[
##....)o.......# ..##
#....)s...(...# #..##
##...{o.....)##
#####..####...........#
##........#..###########
............##
.........#..#
.........##.#
.........##.#
........###.#


You could see 2 orcs.

Vanquished Creatures
  The ghost of Torax the Martial Artist, a novice OpMo of Wu Jian (D:6)
  Grinder (D:4)
  Sigmund (D:4)
  Eustachio (D:4)
  A black bear (D:5)
  An ice beast (D:6)
  An orc warrior (D:7)
  A centaur (D:6)
  A bullfrog (D:6)
  A gnoll sergeant (D:6)
  A scorpion (D:5)
  A crimson imp (D:6)
  A bullfrog skeleton (D:4)
  A hound (D:4)
  5 orc wizards
  An iguana (D:5)
  Natasha (thrice) (D:3)
  5 worker ants
  A hound skeleton (D:4)
  5 gnolls (D:6)
  7 adders
  2 shadow imps
  An ooze (D:4)
  2 adder skeletons (D:4)
  An adder zombie (D:5)
  2 worms
  4 dart slugs
  4 leopard geckos
  12 orcs
  3 ball pythons
  7 giant cockroaches
  6 goblins
  10 hobgoblins
  10 jackals
  5 kobolds
  A quokka (D:2)
  4 bats
  6 frilled lizards
  A jackal skeleton (D:6)
  A leopard gecko zombie (D:6)
  A quokka skeleton (D:4)
  A quokka zombie (D:6)
  8 rats
  A fungus (D:1)
134 creatures vanquished.

Notes
Turn   | Place    | Note
-------+----------+-------------------------------------------
     0 | D:1      | mopl the Barachi Transmuter began the quest for the Orb.
     0 | D:1      | Reached XP level 1. HP: 15/15 MP: 3/3
   365 | D:1      | Reached XP level 2. HP: 11/21 MP: 3/5
   369 | D:1      | Learned a level 2 spell: Sticks to Snakes
  1115 | D:1      | Reached XP level 3. HP: 26/26 MP: 5/7
  1120 | D:1      | Learned a level 3 spell: Spider Form
  1914 | D:2      | Reached skill level 3 in Transmutations
  2192 | D:2      | Reached skill level 3 in Spellcasting
  2192 | D:2      | Reached skill level 1 in Poison Magic
  2192 | D:2      | Reached XP level 4. HP: 29/32 MP: 2/8
  2435 | D:2      | Reached skill level 4 in Unarmed Combat
  2442 | D:2      | Found a hide-covered altar of Uskayaw.
  2666 | D:3      | Found a snail-covered altar of Cheibriados.
  2674 | D:3      | Became a worshipper of Cheibriados the Contemplative
  3000 | D:3      | Reached XP level 5. HP: 21/37 MP: 6/9
  3083 | D:3      | Noticed Natasha
  3096 | D:3      | Killed Natasha
  3173 | D:3      | Noticed Natasha
  3186 | D:3      | Killed Natasha
  3186 | D:3      | Reached skill level 2 in Poison Magic
  3186 | D:3      | Reached skill level 1 in Invocations
  3450 | D:3      | Learned a level 4 spell: Ice Form
  3521 | D:3      | Noticed Natasha
  3531 | D:3      | Killed Natasha
  3531 | D:3      | Reached skill level 2 in Fighting
  3654 | D:4      | Noticed Sigmund
  3860 | D:4      | Killed Sigmund
  3860 | D:4      | Reached skill level 4 in Fighting
  3860 | D:4      | Reached XP level 6. HP: 50/50 MP: 6/10
  3975 | D:4      | Reached skill level 5 in Fighting
  4046 | D:4      | Reached * piety under Cheibriados
  4075 | D:4      | Noticed Grinder
  4186 | D:4      | Noticed Eustachio
  4202 | D:4      | Killed Eustachio
  4202 | D:4      | Reached skill level 4 in Transmutations
  4202 | D:4      | Reached skill level 1 in Ice Magic
  4202 | D:4      | Reached XP level 7. HP: 45/56 MP: 5/11
  4287 | D:4      | Killed Grinder
  4287 | D:4      | Reached skill level 5 in Unarmed Combat
  4287 | D:4      | Reached skill level 2 in Ice Magic
  4287 | D:4      | Reached skill level 2 in Invocations
  4431 | D:5      | Entered Level 5 of the Dungeon
  4431 | D:5      | Found Takan's Armour Shoppe.
  4566 | D:5      | Found Xonus's Jewellery Boutique.
  4621 | D:5      | Reached XP level 8. HP: 60/63 MP: 12/12
  4667 | D:5      | Found Henlau's Assorted Antiques.
  4675 | D:5      | Bought a scroll labeled MOYCVU VEDIYGA for 28 gold pieces
  4675 | D:5      | Bought a scroll labeled YGURUSHR YPIA for 28 gold pieces
  4675 | D:5      | Bought 2 purple potions for 50 gold pieces
  4710 | D:5      | Found Cuonuf's Antique Weapon Shoppe.
  4821 | D:5      | Found a deep blue altar of Sif Muna.
  4862 | D:5      | Found Vuappum's Armour Shop.
  4982 | D:5      | Reached skill level 3 in Ice Magic
  5049 | D:6      | Reached ** piety under Cheibriados
  5130 | D:6      | Reached skill level 5 in Transmutations
  5130 | D:6      | Reached skill level 3 in Invocations
  5146 | D:6      | Found a blossoming altar of Fedhas.
  5147 | D:6      | Found a basalt altar of Yredelemnul.
  5150 | D:6      | Reached skill level 6 in Unarmed Combat
  5196 | D:6      | Noticed Torax's ghost (novice OpMo)
  5408 | D:6      | Killed Torax's ghost
  5408 | D:6      | Reached skill level 7 in Unarmed Combat
  5408 | D:6      | Reached skill level 6 in Transmutations
  5408 | D:6      | Reached skill level 4 in Invocations
  5408 | D:6      | Reached XP level 9. HP: 22/68 MP: 5/13
  5747 | D:6      | Found Egroserph's Book Emporium.
  6128 | D:6      | Reached *** piety under Cheibriados
  6153 | D:6      | Reached skill level 8 in Unarmed Combat
  6165 | D:6      | Found an opulent altar of Gozag.
  6170 | D:6      | Found Gozag's Platinum Reserve.
  6460 | D:7      | HP: 3/68 [orc warrior/glaive (16)]
  6465 | D:7      | Slain by an orc

Vault maps used:
D:1:      dpeg_cavernosity, minivault_11, minivault_26
D:2:      marbit_many_paths, first_ration
D:3:      cheibriados_altar_1, lemuel_old_faithful, uniq_natasha
D:4:      uniq_sigmund, uniq_grinder, uniq_eustachio
D:5:      kennysheep_mini_moat, serial_shops, shop, shop,
          nicolae_shop_waterfront, shop, nicolae_shop_behind_doors
D:6:      nicolae_gozag_zags_fifth_avenue,
          chequers_temple_overflow_statue_of_worship, nicolae_lava_and_water,
          minmay_shop_grid_forest
D:7:      minmay_temple_entry_enclosed_plants

Skill      XL: |  1  2  3  4  5  6  7  8  9 |
---------------+----------------------------+-----
Transmutations | 3 4 6 |  6.4
Spellcasting   | 3 |  3.0
Poison Magic   | 1 2 |  2.0
Unarmed Combat | 4 5 7 8 |  8.1
Invocations    | 1 2 4 |  4.4
Fighting       | 4 5 |  5.5
Ice Magic      | 1 2 3 |  3.0
Dodging        | |  2.1

Action                   |  1- 3 |  4- 6 |  7- 9 || total
-------------------------+-------+-------+-------++-------
Melee: Unarmed           |   146 |   151 |   170 ||   467
       Headbutt          |     4 |       |       ||     4
       Kick              |     3 |       |       ||     3
       Punch             |     2 |       |     2 ||     4
 Cast: Beastly Appendage |    13 |       |       ||    13
       Spider Form       |     6 |    15 |    15 ||    36
       Ice Form          |       |       |     3 ||     3
  Use: Scroll            |       |     1 |     6 ||     7
       Potion            |       |       |     2 ||     2
 Stab: Sleeping          |     3 |     2 |     1 ||     6
  Eat: Chunk             |     6 |    10 |     6 ||    22
Armor: Robe              |    14 |    28 |     6 ||    48
       Skin              |     2 |     1 |    12 ||    15
Dodge: Dodged            |    80 |   115 |   211 ||   406

Table legend:
 A = Spawn XP
 B = Non-spawn XP
 C = Spawn XP percentage of total XP
 D = Spawn monster count
 E = Non-spawn monster count
 F = Spawn count percentage of total count
 G = Total turns spent on level
                    A         B        C        D         E        F      G
               +---------+---------+-------+---------+---------+-------+---------
         Total |       0 |    2973 |   0.0 |       0 |     133 |   0.0 |  6465
               +---------+---------+-------+---------+---------+-------+---------
           D:1 |       0 |      38 |   0.0 |       0 |      22 |   0.0 |  1471
           D:2 |       0 |      53 |   0.0 |       0 |      19 |   0.0 |  1051
           D:3 |       0 |     169 |   0.0 |       0 |      28 |   0.0 |  1264
           D:4 |       0 |     869 |   0.0 |       0 |      17 |   0.0 |   645
           D:5 |       0 |     388 |   0.0 |       0 |      13 |   0.0 |  1062
           D:6 |       0 |    1284 |   0.0 |       0 |      31 |   0.0 |   904
           D:7 |       0 |     172 |   0.0 |       0 |       3 |   0.0 |    68
               +---------+---------+-------+---------+---------+-------+---------
